 Dungeon Crawl Stone Soup version 0.31-a0-691-g409c26aa35 (webtiles) character file.

Game seed: 12110713630339742578

67 IdlyInterested the Trooper (level 4, -2/35 HPs)
             Began as a Demonspawn Monk on Sept 6, 2023.
             Slain by Natasha (7 damage)
             ... on level 2 of the Dungeon.
             The game lasted 00:02:52 (1263 turns).

IdlyInterested the Trooper (Demonspawn Monk)        Turns: 1263, Time: 00:02:53

Health: -2/35      AC:  2    Str: 11    XL:     4   Next: 0%
Magic:  4/4        EV: 13    Int: 12    God:
Gold:   55         SH:  0    Dex: 19    Spells: 3/3 levels left

rFire   . .          .
                       - Unarmed
rCold   . . .        c - orb {light}
rNeg    . . .        a - +0 robe
rPois   .            (no helmet)
rElec   .            (no cloak)
rCorr   .            (no gloves)
SInv    .            (no boots)
Will    .....        (no amulet)
Stlth   +            (no ring)
HPRegen 0.25/turn    (no ring)
MPRegen 0.09/turn

%: no passive effects
@: confused, ambrosia-drunk, glowing
A: thin skeletal structure 1, spiny 1
a: no special abilities


You were on level 2 of the Dungeon.
You visited 1 branch of the dungeon, and saw 2 of its levels.

You collected 55 gold pieces.

Inventory:

Hand Weapons
 j - a +0 dagger
Missiles
 f - 12 stones (quivered)
 h - 2 silver javelins
Armour
 a - a +0 robe (worn)
 c - an orb of light (worn)
 i - a +0 chain mail
Magical Staves
 l - a staff of death
Scrolls
 e - a scroll of teleportation {unknown}
 g - a scroll of summoning {unknown}
 k - a scroll of noise {unknown}
 m - a scroll of revelation {unknown}
 n - 2 scrolls of amnesia {unknown}
 o - a scroll of identify {unknown}
 p - a scroll of vulnerability {unknown}
 q - a scroll of blinking {unknown}
 r - a scroll of immolation {unknown}
Potions
 d - a potion of haste {unknown}
 s - a potion of mutation {unknown}
 t - a potion of enlightenment {unknown}


   Skills:
 + Level 3.5 Fighting
 - Level 1.0 Throwing
 - Level 1.0 Armour
 - Level 3.0 Dodging
 - Level 1.0 Stealth
 - Level 3.0 Unarmed Combat
 - Level 1.0 Evocations


You had 3 spell levels left.
You didn't know any spells.
Your spell library contained the following spells:

 Spells                   Type           Power      Damage    Failure   Level
 Sublimation of Blood     Necr           0%         N/A       45%         2
 Wereblood                Tmut           0%         N/A       45%         2
 Summon Hydra             Summ           0%         N/A       100%        7


Dungeon Overview and Level Annotations

Branches:
Dungeon (2/15)

Altars:

Annotations:
D:2 Natasha


Innate Abilities, Weirdness & Mutations

You have a somewhat thin skeletal structure. (Dex +2, Stealth+)
You are partially covered in sharp spines.


Message History

The adder is moderately wounded.
The adder is struck by your spines. The adder barely misses you.
The adder closely misses you.
You hit the adder.
The adder is severely wounded.
The adder bites you.
* * * LOW HITPOINT WARNING * * *
You hit the adder.
The adder is almost dead.
The adder is struck by your spines.
You kill the adder!
You have reached level 4!
You feel clever.
You start resting.
Natasha, Servant of Life and Death comes into view.
Natasha hisses angrily.
Natasha barely misses you.
You hit Natasha but do no damage. Natasha is struck by your spines.
Natasha claws you.
You hit Natasha.
Natasha is moderately wounded.
Natasha casts a spell.
You hit Natasha.
Natasha is heavily wounded.
Natasha claws you.
You hit Natasha but do no damage.
Natasha is heavily wounded.
The cerulean imp hits you from afar with a +2 spear.
Natasha mumbles some strange words.
You are confused.
You feel invigorated.
The cerulean imp hits you from afar with a +2 spear.
Natasha claws you!
* * * LOW HITPOINT WARNING * * *
The cerulean imp hits you with a +0 spear.
* * * LOW HITPOINT WARNING * * *
You bump into the rock wall.
Natasha is struck by your spines. Natasha claws you!
You die...
Natasha curls up and begins to purr.

....##....# #
#.......# #
#.###.#.#.#
#.#.# #.#.#.#
.....##.#.#<#.#
#.#...........#
#...........###
####.##5#.### #
#@#.# #h#.#
5.#.# ####..
##. .


You could see Natasha and 2 cerulean imps.

Vanquished Creatures
  Natasha (D:2)
  An adder (D:2)
  A worm (D:2)
  A dart slug (D:1)
  3 endoplasms (D:1)
  3 giant cockroaches
  3 hobgoblins (D:1)
  5 kobolds (D:1)
  A quokka (D:1)
  3 ball pythons (D:1)
  A bat (D:1)
  2 goblins (D:1)
  4 rats (D:1)
29 creatures vanquished.

Notes
Turn   | Place    | Note
-------+----------+-------------------------------------------
     0 | D:1      | IdlyInterested the Demonspawn Monk began the quest for the
                  | Orb.
     0 | D:1      | Reached XP level 1. HP: 18/18 MP: 1/1
   248 | D:1      | Reached skill level 1 in Stealth
   282 | D:1      | Gained mutation: You are partially covered in sharp spines.
                  | [demonic ancestry]
   282 | D:1      | Reached XP level 2. HP: 23/24 MP: 2/2
   396 | D:1      | Reached skill level 1 in Throwing
   869 | D:1      | Gained mutation: You have a somewhat thin skeletal
                  | structure. (Dex +2, Stealth+) [demonic ancestry]
   869 | D:1      | Reached XP level 3. HP: 20/29 MP: 3/3
  1106 | D:2      | Noticed Natasha
  1120 | D:2      | Killed Natasha
  1121 | D:2      | Reached skill level 1 in Armour
  1121 | D:2      | Reached skill level 1 in Evocations
  1203 | D:2      | Reached XP level 4. HP: 9/35 MP: 4/4
  1255 | D:2      | Noticed Natasha
  1263 | D:2      | Slain by Natasha

Illustrated notes

Levels and vault maps discovered:
D:1:      dpeg_arrival_rooms_a, layout_loops_corners
D:2:      layout_loops_ring, basic_altar, palyth_stone_intersect,
          uniq_crazy_yiuf_cottage, uniq_robin, uniq_natasha

Skill      XL: |  1  2  3 |
---------------+----------+-----
Stealth        | 1 |  1.0
Unarmed Combat | 3 |  3.0
Throwing       | 1 |  1.0
Armour         | 1 |  1.0
Dodging        | 3 |  3.0
Evocations     | 1 |  1.0
Fighting       | |  3.5

Action                     |  1- 3 |  4- 6 || total
---------------------------+-------+-------++-------
  Melee: Unarmed           |    75 |     4 ||    79
    Use: Potion            |       |     1 ||     1
 Armour: Robe              |    32 |     7 ||    39
  Dodge: Dodged            |    33 |     1 ||    34

Table legend: (Time is in decaauts)
 A = Elapsed time spent in this place.
 B = Non-inter-level travel time spent in this place.
 C = Inter-level travel time spent in this place.
 D = Time resting spent in this place.
 E = Time spent auto-exploring this place.
 F = Levels seen in this place.
 G = Mean time per level.
                   A        B        C        D        E       F      G
               +--------+--------+--------+--------+--------+-----+--------+
         Total |   1257 |   1120 |    137 |    139 |    736 |   2 |  628.5 |
       Dungeon |   1257 |   1120 |    137 |    139 |    736 |   2 |  628.5 |
               +--------+--------+--------+--------+--------+-----+--------+

Top non-repeatable levels by time:
     D:1: 1103 daAuts
     D:2: 154 daAuts
